 Dungeon Crawl Stone Soup version 0.31-a0-986-g5e6e4ef867 (webtiles) character file.

Game seed: 17760469284400660334

84482 IdlyInterested the Bludgeoner (level 15, -1/120 HPs)
             Began as a Demonspawn Gladiator on Nov 9, 2023.
             Slain by a naga warrior
             ... wielding a +0 short sword
              (12 damage)
             ... on level 1 of the Snake Pit on Nov 14, 2023.
             The game lasted 01:52:44 (34614 turns).

IdlyInterested the Bludgeoner (DsGl)               Turns: 34614, Time: 01:52:45

Health: -1/120     AC: 34    Str: 21    XL:     15   Next: 35%
Magic:  0/27       EV:  5    Int: 21    God:
Gold:   650        SH:  0    Dex:  4    Spells: 14/14 levels left

rFire   . . .        H - +5 mace of Resourcefulness {speed, rPois rCorr Dex-5}
rCold   + + +        (no shield)
rNeg    + + .        a - +1 plate armour {rF+}
rPois   +            x - +1 helmet {Int+3}
rElec   .            R - +2 cloak
rCorr   +            J - +1 pair of gloves
SInv    .            j - +3 pair of seven-league boots {Rampage+∞}
Will    .....        X - amulet of the Shimmering Gods {Acrobat Fly rC+} Stlth
                     S - ring of the Squeaky God {rPois rC+ Will- Int+4}
HPRegen 0.40/turn    p - ring of Qazlal's Favour {Ice rN++ rCorr Int+3 Dex-5}
MPRegen 0.40/turn

%: acrobat, guardian spirit, rampage+∞
@: lethally poisoned (-1 -> -11), sanguine armoured, flying, slowed,
constricted, studying 2 skills, very slow
A: powered by pain 3, magic shield, magic regeneration, sanguine armour 2,
demonic touch 2, high MP 1
a: no special abilities


You were on level 1 of the Snake Pit.
You visited 5 branches of the dungeon, and saw 23 of its levels.
You also visited: Ossuary and Ice Cave.

You collected 2484 gold pieces.
You spent 1834 gold pieces at shops.

Inventory:

Hand Weapons
 C - a +2 hand axe of flaming
 H - the +5 mace of Resourcefulness (weapon) {speed, rPois rCorr Dex-5}
   (You found it on level 11 of the Dungeon)

   Dex-5:     It affects your dexterity (-5).
   rPois:     It protects you from poison rCorr: It protects you from acid and
   corrosion.
 Q - a +4 scimitar of flaming
Missiles
 b - 10 curare-tipped darts
 c - 2 throwing nets
 d - 7 javelins
 e - 12 atropa-tipped darts
 g - 6 darts of dispersal
 i - 5 silver javelins
 o - 10 boomerangs (quivered)
 r - 37 poisoned darts
Armour
 a - a +1 plate armour of fire resistance (worn)
 j - the +3 pair of seven-league boots (worn) {Rampage+∞}
   (You found it on level 2 of the Lair of Beasts)

   Rampage+∞: When moving toward enemies, its wearer moves as far as possible,
   alerting their target en route.
 x - a +1 helmet of intelligence (worn)
 J - a +1 pair of gloves (worn)
 N - a +0 robe of resistance
 R - a +2 cloak (worn)
Magical Staves
 k - a staff of fire
 l - a staff of air
 F - a staff of death
Jewellery
 p - the ring of Qazlal's Favour (right hand) {Ice rN++ rCorr Int+3 Dex-5}
   (You found it in an ice cave)

   [ring of ice]

   Ice:       It enhances your ice magic.
   Int+3:     It affects your intelligence (+3).
   Dex-5:     It affects your dexterity (-5).
   rF-:       It makes you vulnerable to fire.
   rC+:       It protects you from cold.
   rN++:      It greatly protects you from negative energy.
   rCorr:     It protects you from acid and corrosion.
 q - a ring of see invisible
 M - a ring of protection from fire
 S - the ring of the Squeaky God (left hand) {rPois rC+ Will- Int+4}
   (You found it on level 7 of the Dungeon)

   [ring of poison resistance]

   Int+4:     It affects your intelligence (+4).
   rC+:       It protects you from cold.
   rPois:     It protects you from poison Will-: It decreases your willpower.
 X - the amulet of the Shimmering Gods (around neck) {Acrobat Fly rC+}
   (You found it on level 13 of the Dungeon)

   [amulet of the acrobat]

   Acrobat:   It increases your evasion while moving and waiting.
   rC+:       It protects you from cold.
   Fly:       It grants you flight.
Wands
 f - a wand of digging (7)
 s - a wand of charming (13)
 w - a wand of iceblast (20)
 y - a wand of flame (17)
 L - a wand of polymorph (17)
 P - a wand of light (7)
Scrolls
 u - 5 scrolls of teleportation
 A - a scroll of revelation
 B - 3 scrolls of fog
 E - 3 scrolls of enchant weapon
 G - 3 scrolls of blinking
 I - 3 scrolls of identify
 K - a scroll of fear
 W - 5 scrolls of enchant armour
 Y - 2 scrolls of silence
Potions
 h - a potion of magic
 m - 3 potions of mutation
 n - a potion of enlightenment
 t - a potion of attraction
 v - 7 potions of curing
 D - a potion of haste
 O - a potion of berserk rage
 T - a potion of might
 U - a potion of lignification
 V - a potion of resistance
Miscellaneous
 Z - a tin of tremorstones (2/2)


   Skills:
 - Level 12.0 Fighting
 - Level 16.0 Maces & Flails
 - Level 3.0 Throwing
 - Level 6.0 Armour
 - Level 14.0 Dodging
 - Level 1.0 Stealth
 * Level 6.8 Unarmed Combat
 + Level 13.4 Invocations
 - Level 3.0 Evocations


You had 14 spell levels left.
You didn't know any spells.
Your spell library contained the following spells:

 Spells                   Type           Power      Damage    Failure   Level
 Shock                    Conj/Air       0%         1d3       98%         1
 Sting                    Tmut/Pois      0%         1d3       98%         1
 Cigotuvi's Dreadful Rot  Necr/Pois/Air  0%         N/A       99%         2
 Poisonous Vapours        Pois/Air       0%         N/A       99%         2
 Scorch                   Fire           0%         2d5       99%         2
 Ignite Poison            Fire/Tmut/Pois 0%         N/A       100%        3
 Swiftness                Air            0%         N/A       100%        3
 Airstrike                Air            0%         2d(0-16)  100%        4
 Flame Wave               Conj/Fire      0%         2d4       100%        4
 Olgreb's Toxic Radiance  Pois           0%         N/A       100%        4
 Freezing Cloud           Conj/Ice/Air   0%         6-21      100%        5
 Summon Cactus Giant      Summ           0%         N/A       100%        6


Dungeon Overview and Level Annotations

Branches:
Dungeon (14/15)            Temple (1/1) D:6            Lair (5/5) D:10
  Swamp (0/4) Lair:3        Snake (1/4) Lair:3        Slime (0/5) Lair:4
    Orc (2/2) D:9             Elf (0/3) Orc:2        Vaults (0/5) D:14
Ossuary (visited)           IceCv (visited)

Altars:
Ashenzari
Cheibriados
Dithmenos
Fedhas
Gozag
Hepliaklqana
Kikubaaqudgha
Makhleb
Nemelex Xobeh
Okawaru
Qazlal
Ru
Sif Muna
Trog
Uskayaw
Vehumet
Wu Jian
Xom
Yredelemnul

Shops:
D:6 *   D:10 [   D:11 ?   Orc:1 !   Orc:2 ![!=


Innate Abilities, Weirdness & Mutations

You are powered by pain.
When hurt, damage is shared between your health and your magic reserves.
You regenerate magic rapidly.
When seriously injured, your blood forms thick armour. (AC +9)
Your touch may inflict irresistible damage on your foes.
You have an increased reservoir of magic. (+10% MP)


Message History

The naga warrior seems to grow toxic.
The naga mage constricts you.
You hit the naga warrior but do no damage.
You touch the naga warrior!
The naga warrior is heavily wounded.
The naga warrior hits you with a +0 short sword!
* * * LOW HITPOINT WARNING * * *
The naga mage spits poison at you.
The splash of poison hits you but does no damage.
You are poisoned.
You resist. The naga mage constricts you.
You sock the naga warrior!
You touch the naga warrior!
The naga warrior is severely wounded.
You feel sick. The naga mage hits you with a +0 club!
* * * LOW HITPOINT WARNING * * *
The naga mage constricts you. The naga warrior spits poison at you.
The splash of poison misses you.
You sock the naga warrior!
The naga warrior is almost dead.
You feel sick. The naga mage casts a spell at you.
The bolt of poison hits you but does no damage.
You are lethally poisoned!
You resist. The naga mage constricts you.
* * * LOW HITPOINT WARNING * * *
The naga warrior barely misses you.
You sock the naga warrior!
The naga warrior is almost dead.
* * * LOW HITPOINT WARNING * * *
You feel sick.
The naga mage hits you but does no damage.
The naga mage constricts you.
* * * LOW HITPOINT WARNING * * *
You feel better.
The naga mage gestures at you while chanting.
The bolt of poison hits you but does no damage.
You are poisoned.
You resist. The naga mage constricts you.
The naga warrior hits you with a +0 short sword!
You die...

#...###...#.## #.#
#..##........#...#
##.....######.##..#
#..##.##....#..#..#
#..#..#..#.....#..##
#..#..#..##..###...#
##.#......#..#...#
#.######.#...)NN##
.#........#.##.#@)#
.......#..###..#...#
###.#..##......#..##
....#...#.##..##.##
....#####..####..#
###...............
..#.##.###....##..
....#..#....###..#
....####.#..#
.......##....###


You could see a naga warrior (curare, catching breath) and a naga mage (fast,
strong).

Vanquished Creatures
  Kirke (D:13)
  Snorg (Lair:5)
  4 hydras
  Erolcha (Orc:2)
  An ice dragon (IceCv)
  Erica (Orc:1)
  4 centaur warriors
  An anaconda (Snake:1)
  9 two-headed ogres
  2 catoblepae
  3 boulder beetles
  2 naga warriors (Snake:1)
  5 death yaks (Lair:5)
  Sonja (Lair:4)
  Urug (Lair:3)
  A skyshark (Lair:2)
  2 slime creatures (D:13)
  An arcanist (D:14)
  An obsidian statue (D:13)
  A necromancer (D:14)
  A mana viper (Snake:1)
  8 orc sorcerers
  6 ugly things
  4 cyclopes
  10 elephants
  A salamander (Lair:3)
  A manticore (Lair:3)
  Maurice (Orc:2)
  A guardian serpent (Lair:2)
  4 black mambas
  2 torpor snails
  3 naga magi (Snake:1)
  2 ice statues (IceCv)
  11 cane toads
  A komodo dragon (shapeshifter) (D:14)
  A yaktaur (shapeshifter) (D:13)
  8 rime drakes
  5 komodo dragons
  6 trolls
  11 polar bears
  A queen bee (D:9)
  2 hornets
  A tyrant leech (Lair:3)
  7 blink frogs
  A wolf spider simulacrum (D:13)
  11 dream sheep
  Sigmund (D:2)
  2 shadows
  A centaur simulacrum (D:14)
  5 wraiths
  43 yaks
  2 vampires
  12 wyverns
  11 basilisks
  3 steam dragons
  14 vampire mosquitoes
  2 swamp worms (Lair:3)
  11 wargs
  4 nagas (Snake:1)
  Duvessa (D:7)
  Edmund (D:5)
  3 acid dragons
  9 water moccasins
  17 hell hounds (Lair:5)
  An ice beast (D:13)
  2 sky beasts
  14 black bears
  13 orc warriors
  5 ogres
  24 wolves
  8 centaurs
  2 phantoms (D:4)
  3 kobold brigands
  15 bullfrogs
  A gnoll sergeant (D:12)
  4 scorpions
  5 water moccasin zombies (Ossuary)
  5 wights (D:7)
  2 lindwurm simulacra (IceCv)
  17 killer bees (D:9)
  2 electric eels
  4 lava snakes (Lair:3)
  A crimson imp (D:9)
  16 orc priests
  9 komodo dragon simulacra (IceCv)
  Crazy Yiuf (D:2)
  2 hounds
  Jessica (D:2)
  An iguana (D:6)
  3 sleepcaps
  39 orc wizards
  5 hell rats (Lair:3)
  2 mummies (Ossuary)
  Robin (D:3)
  6 adders
  5 gnolls
  5 acid dragon simulacra (IceCv)
  A shadow imp (D:5)
  2 white imps
  5 ufetubi
  5 steam dragon simulacra (IceCv)
  3 worms
  3 dart slugs
  74 orcs
  10 endoplasms
  5 giant cockroaches
  17 goblins
  11 hobgoblins
  24 kobolds
  3 quokkas
  7 ball pythons
  A bat (D:1)
  6 frilled lizards
  3 gnoll zombies (Ossuary)
  3 hobgoblin zombies (Ossuary)
  3 kobold zombies (Ossuary)
  4 orc zombies (Ossuary)
  4 rats
  A butterfly (Lair:4)
714 creatures vanquished.

Vanquished Creatures (collateral kills)
  Eustachio (D:5)
  A gnoll sergeant (D:5)
  2 hounds (D:5)
  A gnoll (D:5)
  3 orcs (D:5)
8 creatures vanquished.

Vanquished Creatures (others)
  2 humans (D:13)
  An orc warrior (D:11)
  3 orc priests
  3 orc wizards
  A gnoll (D:5)
10 creatures vanquished.

Grand Total: 732 creatures vanquished

Notes
Turn   | Place    | Note
-------+----------+-------------------------------------------
     0 | D:1      | IdlyInterested the Demonspawn Gladiator began the quest for
                  | the Orb.
     0 | D:1      | Reached XP level 1. HP: 16/16 MP: 1/1
   156 | D:1      | Reached skill level 1 in Armour
   276 | D:1      | Gained mutation: Your touch may inflict minor irresistible
                  | damage on your foes. [demonic ancestry]
   276 | D:1      | Reached XP level 2. HP: 19/22 MP: 2/2
   477 | D:1      | Found a faded altar of an unknown god.
   572 | D:1      | Reached skill level 1 in Stealth
   834 | D:1      | Gained mutation: You sometimes gain a little power by
                  | taking damage. [demonic ancestry]
   834 | D:1      | Reached XP level 3. HP: 28/28 MP: 3/3
  1063 | D:2      | Reached skill level 1 in Evocations
  1167 | D:2      | Found a runed translucent door.
  1168 | D:2      | Noticed Crazy Yiuf
  1203 | D:2      | Noticed Jessica
  1213 | D:2      | Killed Jessica
  1214 | D:2      | Reached XP level 4. HP: 32/35 MP: 4/4
  1469 | D:2      | Noticed Sigmund
  1492 | D:2      | Killed Sigmund
  1493 | D:2      | Gained mutation: You sometimes gain power by taking damage.
                  | [demonic ancestry]
  1493 | D:2      | Reached XP level 5. HP: 5/43 MP: 5/5
  1493 | D:2      | Gained mutation: You are powered by pain. [demonic
                  | ancestry]
  1493 | D:2      | Reached XP level 6. HP: 5/50 MP: 6/6
  1840 | D:2      | Killed Crazy Yiuf
  1841 | D:2      | Reached skill level 5 in Fighting
  2317 | D:3      | Noticed Robin
  2351 | D:3      | Killed Robin
  2747 | D:3      | Found a snail-covered altar of Cheibriados.
  2992 | D:3      | Found a stormy altar of Qazlal.
  3332 | D:4      | Reached XP level 7. HP: 57/57 MP: 7/7
  4661 | D:5      | Entered Level 5 of the Dungeon
  4698 | D:5      | Found a hazy altar of Hepliaklqana.
  4698 | D:5      | Found a basalt altar of Yredelemnul.
  4734 | D:5      | Reached skill level 5 in Armour
  4759 | D:5      | Noticed Eustachio
  4773 | D:5      | Killed Eustachio
  4774 | D:5      | Reached XP level 8. HP: 59/67 MP: 8/8
  5322 | D:5      | Noticed Edmund
  5360 | D:5      | Killed Edmund
  5864 | D:6      | Found a staircase to the Ecumenical Temple.
  5874 | Temple   | Entered the Ecumenical Temple
  6166 | D:6      | Found Folagoet's General Store.
  6297 | D:6      | Gained mutation: When seriously injured, your blood forms
                  | armour. (AC +9) [demonic ancestry]
  6297 | D:6      | Reached XP level 9. HP: 51/75 MP: 9/9
  6308 | D:6      | Reached skill level 5 in Dodging
  7205 | D:7      | Identified the ring of the Squeaky God {rPois rC+ Will-
                  | Int+4}
  7279 | D:7      | Found a sand-covered staircase.
  7284 | Ossuary  | Entered an ossuary
  7521 | D:7      | Reached skill level 10 in Fighting
  7598 | D:7      | Noticed Dowan
  7602 | D:7      | Noticed Duvessa
  7620 | D:7      | Killed Duvessa
  7622 | D:7      | Dowan changed into Dowan the rat
  7622 | D:7      | Noticed Dowan
  7623 | D:7      | Killed Dowan the rat
  8382 | D:7      | Gained mutation: You regenerate magic rapidly. [demonic
                  | ancestry]
  8382 | D:7      | Reached XP level 10. HP: 81/83 MP: 10/10
  8722 | D:7      | Found an iron altar of Okawaru.
  9102 | D:8      | Reached skill level 1 in Invocations
  9441 | D:8      | Identified the +1 leather armour "Hero's Friend" {rN+ Int-5
                  | Dex+6 Stlth+}
  9768 | D:9      | Found a staircase to the Orcish Mines.
  9848 | D:9      | HP: 1/87 [killer bee (7)]
 10492 | D:9      | Reached skill level 5 in Invocations
 10955 | D:9      | Noticed a two-headed ogre
 10962 | D:9      | Killed a two-headed ogre
 10963 | D:9      | Reached skill level 2 in Maces & Flails
 11270 | D:9      | Found a radiant altar of Vehumet.
 11270 | D:9      | Found a burning altar of Makhleb.
 11590 | D:10     | Entered Level 10 of the Dungeon
 11840 | D:10     | Found a staircase to the Lair.
 11847 | D:10     | Reached skill level 3 in Maces & Flails
 12101 | D:10     | Reached skill level 4 in Maces & Flails
 12216 | D:10     | Gained mutation: When hurt, damage is shared between your
                  | health and your magic reserves. [demonic ancestry]
 12216 | D:10     | Reached XP level 11. HP: 64/95 MP: 15/15
 12560 | D:10     | Found Mair's Antique Armour Emporium.
 12914 | D:11     | Reached skill level 5 in Maces & Flails
 13283 | D:11     | Noticed a boulder beetle
 13297 | D:11     | Killed a boulder beetle
 13298 | D:11     | Reached skill level 6 in Maces & Flails
 13337 | D:11     | Noticed a two-headed ogre
 13354 | D:11     | Killed a two-headed ogre
 13658 | D:11     | Noticed a two-headed ogre
 13687 | D:11     | Killed a two-headed ogre
 13862 | D:11     | Identified the +5 mace of Resourcefulness {speed, rPois
                  | rCorr Dex-5}
 13904 | D:11     | Reached skill level 7 in Maces & Flails
 13928 | D:11     | HP: 3/95 [yak (7)]
 14121 | D:11     | Found Houskaot's Magic Scroll Boutique.
 14722 | D:12     | Found a frozen archway.
 14731 | IceCv    | Entered an ice cave
 14920 | IceCv    | HP: 3/95 [komodo dragon simulacrum (7)]
 14920 | IceCv    | HP: 1/95 [komodo dragon simulacrum (2)]
 15257 | IceCv    | Reached skill level 8 in Maces & Flails
 15423 | IceCv    | Noticed an ice dragon
 15444 | IceCv    | Killed an ice dragon
 15448 | IceCv    | Reached skill level 10 in Invocations
 15466 | IceCv    | Identified the ring of Qazlal's Favour {Ice rN++ rCorr
                  | Int+3 Dex-5}
 15973 | D:11     | Bought a scroll of acquirement for 728 gold pieces
 15974 | D:11     | Acquired a manual of Long Blades
 15976 | D:11     | Acquired a manual of Dodging
 16055 | D:12     | Gained mutation: Your touch may inflict irresistible damage
                  | on your foes. [demonic ancestry]
 16055 | D:12     | Reached XP level 12. HP: 63/102 MP: 12/19
 16261 | D:12     | Reached skill level 9 in Maces & Flails
 16375 | D:12     | Noticed a two-headed ogre
 16378 | D:12     | Identified the +4 ring mail "Utoih" {+Blink rPois rF-}
 16383 | D:12     | Killed a two-headed ogre
 17544 | D:13     | Found a blossoming altar of Fedhas.
 17545 | D:13     | Noticed a two-headed ogre
 17555 | D:13     | Killed a two-headed ogre
 17682 | D:13     | Noticed Kirke
 17734 | D:13     | Killed Kirke
 17735 | D:13     | Reached skill level 10 in Maces & Flails
 18031 | D:13     | Noticed a centaur warrior
 18045 | D:13     | Killed a centaur warrior
 18338 | D:13     | Noticed a centaur warrior
 18346 | D:13     | Killed a centaur warrior
 18998 | D:13     | Identified the amulet of the Shimmering Gods {Acrobat Fly
                  | rC+}
 19494 | D:14     | Noticed a boulder beetle
 19508 | D:14     | Killed a boulder beetle
 19509 | D:14     | Reached skill level 11 in Maces & Flails
 19688 | D:14     | Noticed a centaur warrior
 19706 | D:14     | Killed a centaur warrior
 19890 | D:14     | Noticed a centaur warrior
 19904 | D:14     | Killed a centaur warrior
 20325 | D:14     | Noticed a catoblepas
 20337 | D:14     | Killed a catoblepas
 20338 | D:14     | Reached XP level 13. HP: 71/108 MP: 22/22
 20734 | D:14     | Reached skill level 12 in Maces & Flails
 21761 | D:14     | Found a gate to the Vaults.
 21767 | D:14     | Gained mutation: You have an increased reservoir of magic.
                  | (+10% MP) [potion of mutation]
 21999 | Lair:1   | Entered Level 1 of the Lair of Beasts
 22803 | Lair:1   | Reached skill level 13 in Maces & Flails
 23039 | Lair:2   | Identified the ring of the Oligarchy {Wiz rPois Will- Int+2
                  | Slay+2}
 24271 | Lair:2   | Reached skill level 10 in Dodging
 24350 | Lair:2   | Found the +3 pair of seven-league boots {Rampage+∞}
 24820 | Lair:3   | Reached skill level 14 in Maces & Flails
 24964 | Lair:3   | Noticed Urug
 24978 | Lair:3   | Killed Urug
 25031 | Lair:3   | Reached XP level 14. HP: 48/115 MP: 25/25
 25349 | Lair:3   | You are sucked into a shaft and drop 2 floors!
 25349 | Lair:5   | Entered Level 5 of the Lair of Beasts
 26473 | Lair:3   | Found a staircase to the Swamp.
 26486 | Lair:3   | Found a staircase to the Snake Pit.
 27197 | Lair:3   | Reached skill level 15 in Maces & Flails
 27389 | Lair:4   | Noticed Sonja
 27411 | Lair:4   | Killed Sonja
 28685 | Lair:4   | Found a staircase to the Slime Pits.
 30280 | Lair:5   | Noticed Snorg
 30306 | Lair:5   | Killed Snorg
 30307 | Lair:5   | Reached skill level 16 in Maces & Flails
 31576 | D:10     | Bought a shiny plate armour for 806 gold pieces
 31830 | Orc:1    | Entered Level 1 of the Orcish Mines
 31841 | Orc:1    | Gained mutation: When seriously injured, your blood forms
                  | thick armour. (AC +9) [demonic ancestry]
 31841 | Orc:1    | Reached XP level 15. HP: 114/120 MP: 25/27
 31868 | Orc:1    | Paralysed by an orc sorcerer for 5 turns
 32226 | Orc:1    | Noticed Erica
 32230 | Orc:1    | Reached skill level 5 in Unarmed Combat
 32238 | Orc:1    | Paralysed by an orc sorcerer for 5 turns
 32255 | Orc:1    | Killed Erica
 32555 | Orc:1    | Found Lacs's Distillery.
 32683 | Orc:2    | Entered Level 2 of the Orcish Mines
 32770 | Orc:2    | Found a staircase to the Elven Halls.
 33003 | Orc:2    | Noticed Erolcha
 33008 | Orc:2    | Killed Erolcha
 33101 | Orc:2    | Noticed Maurice
 33116 | Orc:2    | Killed Maurice
 33143 | Orc:2    | Paralysed by an orc sorcerer for 2 turns
 33425 | Orc:2    | Found Ifin Uli's Distillery.
 33425 | Orc:2    | Found Cewkaeh's Antique Armour Shop.
 33428 | Orc:2    | Paralysed by an orc sorcerer for 3 turns
 33790 | Orc:2    | Found Ehus's Distillery.
 33790 | Orc:2    | Found Kuvoamau's Jewellery Shop.
 34069 | Orc:2    | Bought a shiny helmet for 150 gold pieces
 34081 | Orc:2    | Bought a shiny helmet for 150 gold pieces
 34221 | Snake:1  | Entered Level 1 of the Snake Pit
 34612 | Snake:1  | HP: 6/120 [poisoned by a naga mage (splash of poison)]
 34613 | Snake:1  | HP: 2/120 [constriction (1)]
 34614 | Snake:1  | Slain by a naga warrior

Illustrated notes

Levels and vault maps discovered:
D:1:      mrwooster_arrival_statue_3, layout_loops_corners,
          chequers_ecumenical_altar_grove, chequers_serial_rivers_room_a
D:2:      layout_basic, uniq_sigmund, uniq_jessica, uniq_crazy_yiuf_cottage
D:3:      layout_basic, slow_altar_2, lemuel_round_altar,
          minmay_misc_feat_square, uniq_robin
D:4:      layout_basic, serial_forest, infiniplex_forest_clump_small,
          infiniplex_forest_3_way, infiniplex_forest_clump_C,
          infiniplex_forest_clump_tiny, infiniplex_forest_straight_3,
          infiniplex_forest_zigzag_1, infiniplex_forest_lined_2
D:5:      layout_rooms, minitemple, uniq_edmund, uniq_eustachio
D:6:      layout_loops_corners, overflow_temple_1_default,
          minmay_temple_entry_antechambers, serial_shops, shop, serial_glass,
          glass_columns_c, glass_columns_a, glass_columns_b, glass_columns_b,
          glass_columns_b, glass_columns_a, glass_columns_a, glass_columns_a,
          corexii_item_surrounded_by_moat, st_stairs_10,
          chequers_serial_rivers_large_a
D:7:      layout_basic, lemuel_doored_altar, nicolae_ossuary_entry_plus,
          uniq_duvessa
D:8:      layout_rooms, mainiacjoe_overflow_surrounded_room,
          chequers_serial_rivers_small_a
D:9:      layout_roguey, grunt_temple_overflow_lords_of_destruction,
          orc_0_dummy, minivault_7
D:10:     layout_irregular_city, david_lair_generic, serial_shops,
          nicolae_shop_hallway_plus
D:11:     layout_stronghold, serial_shops, shop
D:12:     layout_small_grid, portal_ice_cave_entry_pillars_1,
          minmay_tree_intersection
D:13:     statuecave_lemuel, layout_long_grid, serial_ice, serial_ice_a,
          serial_ice_b, serial_ice_n, serial_ice_f, fedhas_altar_1, uniq_kirke
D:14:     layout_basic, david_vaults_1, minmay_misc_feat_rows
Temple:   compressed_dpeg_triangle_lava_temple
Lair:1:   layout_loops_ring
Lair:2:   layout_cave_shapes, chequers_serial_rivers_marsh,
          hellmonk_guarded_unrand_seven_league_boots,
          infiniplex_staircase_pool_2, grunt_megastairs_1
Lair:3:   layout_roguey [special_room_mythical_zoo], minmay_swamp_entry_worms,
          nicolae_snake_entry_warm_welcome, st_stairs_13, uniq_urug
Lair:4:   layout_regular_city, dpeg_slime_entry_corner,
          chequers_serial_rivers_micro_e, lemuel_fruit_fields,
          serial_bayou_shore_a, uniq_sonja
Lair:5:   hangedman_lair_caniforms_friends, layout_big_grid,
          serial_bayou_pond_e, serial_bayou_ford_a, uniq_snorg
Snake:1:  nicolae_snake_nest, layout_onion, serial_shops,
          nicolae_shop_bloodbath_and_beyond
Orc:1:    layout_diamond_mine, basic_altar, serial_shops,
          nicolae_shop_real_fake_doors, uniq_erica
Orc:2:    st_orc_town, layout_caves, uniq_maurice, uniq_erolcha

Skill      XL: |  1  2  3  4  5  6  7  8  9 10 11 12 13 14 15 |
---------------+----------------------------------------------+-----
Armour         | 1 3 5 6 |  6.0
Stealth        | 1 |  1.0
Evocations     | 1 2 3 |  3.0
Fighting       | 3 4 5 7 8 10 12 | 12.0
Dodging        | 3 4 6 7 11 13 14 | 14.0
Unarmed Combat | 3 4 6 |  6.8
Throwing       | 3 |  3.0
Invocations    | 6 10 12 13 | 13.4
Maces & Flails | 4 8 11 14 16 | 16.0

Action                     |  1- 3 |  4- 6 |  7- 9 | 10-12 | 13-15 || total
---------------------------+-------+-------+-------+-------+-------++-------
  Melee: Whip              |    95 |   114 |   378 |   384 |       ||   971
         Touch             |    13 |    18 |    83 |   165 |   358 ||   637
         Punch             |     2 |     3 |    12 |    31 |    56 ||   104
         Unarmed           |       |       |    29 |    42 |       ||    71
         Mace              |       |       |       |   431 |  1853 ||  2284
         Hand axe          |       |       |       |       |    34 ||    34
  Throw: Stone             |       |     6 |    10 |    34 |    26 ||    76
         Throwing net      |       |     2 |     2 |       |       ||     4
         Javelin           |       |     2 |       |     1 |     2 ||     5
         Dart              |       |       |    11 |     8 |     2 ||    21
         Boomerang         |       |       |       |       |    63 ||    63
  Evoke: Wand              |       |       |    11 |     4 |     7 ||    22
    Use: Scroll            |     1 |     2 |     6 |     6 |     7 ||    22
         Potion            |       |       |     6 |    15 |    11 ||    32
   Stab: Sleeping          |     1 |       |       |       |       ||     1
         Held in net/web   |       |       |     2 |       |       ||     2
         Invisible         |       |       |       |     1 |     1 ||     2
 Armour: Leather armour    |     6 |       |       |       |       ||     6
         Chain mail        |    49 |   116 |   142 |       |       ||   307
         Plate armour      |       |       |   224 |   769 |  1351 ||  2344
         Skin              |       |       |     3 |    14 |    21 ||    38
         Robe              |       |       |       |    53 |       ||    53
  Dodge: Dodged            |    29 |    53 |   152 |   298 |   618 ||  1150

Table legend: (Time is in decaauts)
 A = Elapsed time spent in this place.
 B = Non-inter-level travel time spent in this place.
 C = Inter-level travel time spent in this place.
 D = Time resting spent in this place.
 E = Time spent auto-exploring this place.
 F = Levels seen in this place.
 G = Mean time per level.
                   A        B        C        D        E       F      G
               +--------+--------+--------+--------+--------+-----+--------+
         Total |  33656 |  27495 |   6161 |   6355 |  14608 |  25 | 1346.2 |
       Dungeon |  21979 |  17103 |   4876 |   3997 |   9685 |  14 | 1569.9 |
        Temple |    269 |    214 |     55 |      0 |      0 |   1 |  269.0 |
          Lair |   7962 |   7028 |    934 |   1501 |   4037 |   5 | 1592.4 |
     Snake Pit |    335 |    335 |      0 |     94 |    143 |   1 |  335.0 |
  Orcish Mines |   2067 |   1773 |    294 |    303 |    656 |   2 | 1033.5 |
       Ossuary |    189 |    189 |      0 |      0 |     22 |   1 |  189.0 |
      Ice Cave |    853 |    853 |      0 |    460 |     65 |   1 |  853.0 |
               +--------+--------+--------+--------+--------+-----+--------+

Top non-repeatable levels by time:
     D:6: 2677 daAuts
    D:14: 2256 daAuts
    D:10: 1909 daAuts
  Lair:3: 1857 daAuts
    D:11: 1846 daAuts
     D:9: 1812 daAuts
     D:7: 1807 daAuts
    D:13: 1785 daAuts
  Lair:2: 1750 daAuts
  Lair:5: 1693 daAuts
     D:4: 1479 daAuts
  Lair:4: 1452 daAuts
     D:3: 1353 daAuts
   Orc:2: 1261 daAuts
  Lair:1: 1208 daAuts
